 Dungeon Crawl Stone Soup version 0.21.1-1-g345015f (webtiles) character file.

411 inc the Scratcher (level 6, -1/28 HPs)
             Began as a Felid Transmuter on Mar 6, 2018.
             Was a Follower of Ru.
             Slain by an orc
             ... wielding a +0 hand axe
              (5 damage)
             ... on level 5 of the Dungeon.
             The game lasted 00:15:06 (6437 turns).

inc the Scratcher (Felid Transmuter)                Turns: 6437, Time: 00:15:13

Health: -1/28      AC:  2    Str:  6    XL:     6   Next: 58%
Magic:  10/10      EV: 18    Int: 17    God:    Ru [*.....]
Gold:   145        SH:  0    Dex: 16    Spells: 8/9 levels left
                                        Lives:  0   Deaths: 2

rFire    . . .     SeeInvis +     - Unarmed
rCold    . . .     Gourm    .   (shield unavailable)
rNeg     . . .     Faith    .   (armour unavailable)
rPois    .         Spirit   .   (helmet unavailable)
rElec    .         Reflect  .   (cloak unavailable)
rCorr    .         Harm     .   (gloves unavailable)
MR       .....                  (boots unavailable)
Stlth    ++........             (no amulet)
HPRegen  0.09/turn              (no ring)
MPRegen  0.12/turn              (no ring)

@: quick
A: very small, no armour, no weapons or thrown items, stealth, claws 1, fangs 3,
see invisible, carnivore, speed 1, shaggy fur 2, slow metabolism 1, hated by
all, sharp paws
a: Renounce Religion


You were on level 5 of the Dungeon.
You worshipped Ru.
Ru was aware of your devotion.
You were not hungry.

You visited 2 branches of the dungeon, and saw 6 of its levels.

You collected 250 gold pieces.
You spent 105 gold pieces at shops.

Inventory:

Missiles
 a - 62 arrows
Jewellery
 p - a +5 ring of protection {unknown}
Wands
 q - a wand of enslavement (6)
Scrolls
 d - a scroll of fear {unknown}
 e - a scroll of remove curse
 j - 2 scrolls of teleportation
 n - 2 scrolls of identify
 s - 2 scrolls of blinking
Potions
 i - a potion of degeneration
 k - a potion of flight
 l - 2 potions of ambrosia
 m - a potion of brilliance
 t - a potion of magic
Books
 b - a book of Changes

   Spells                             Type                      Level
   a - Beastly Appendage              Transmutation                1
   b - Sticks to Snakes               Transmutation                2
   c - Spider Form                    Transmutation/Poison         3
   d - Ice Form                       Ice/Transmutation            4
   e - Blade Hands                    Transmutation                5
 o - a book of Necromancy

   Spells                             Type                      Level
   a - Pain                           Necromancy                   1
   b - Animate Skeleton               Necromancy                   1
   c - Vampiric Draining              Necromancy                   3
   d - Regeneration                   Charms/Necromancy            3
   e - Animate Dead                   Necromancy                   4
   f - Borgnjor's Vile Clutch         Necromancy/Earth             5
Comestibles
 c - 11 rations


   Skills:
 - Level 3.2 Fighting
 - Level 2.6 Dodging
 - Level 7.0 Unarmed Combat
 - Level 2.0 Spellcasting
 + Level 6.9 Transmutations


You had 8 spell levels left.
You knew the following spells:

 Your Spells              Type           Power        Failure   Level  Hunger
a - Beastly Appendage     Tmut           ####..       1%          1    #......


Dungeon Overview and Level Annotations

Branches:
Dungeon (5/15)             Temple (1/1) D:4

Altars:
Ashenzari
Fedhas
Gozag
Hepliaklqana
Kikubaaqudgha
Nemelex Xobeh
Ru
Sif Muna
Uskayaw
Vehumet
Wu Jian
Xom
Yredelemnul
Zin
The Shining One

Shops:
D:4 *   D:5 =

Annotations:
D:3 Anonimus's ghost, amateur GnFi
D:4 equizz's ghost, amateur HuFi


Innate Abilities, Weirdness & Mutations

You cannot wear armour.
You are incapable of wielding weapons or throwing items.
Your paws allow you to move quietly. (Stealth)
You have sharp claws.
You have razor-sharp teeth.
You have supernaturally acute eyesight. (SInv)
You are carnivorous and can eat meat at any time.
You cover ground quickly.
You are covered in thick fur. (AC +2)
You have a slow metabolism.
You are hated by all.
Your sharp claws are effective at attacking unaware monsters.


Message History

The orc wizard is lightly wounded.
The orc wizard gestures wildly while chanting.
The orc wizard blinks!
The orc completely misses you.
You redirect the orc's attack!
The orc hits the orc but does no damage.
The crimson imp throws a stone.
The stone completely misses you.
You scratch the orc wizard.
You headbutt the orc wizard, but do no damage.
The orc wizard is heavily wounded.
The orc wizard hits you with a dagger.
* * * LOW HITPOINT WARNING * * *
The orc completely misses you. The orc closely misses you.
The crimson imp throws a stone.
The stone closely misses you.
It was a potion of cancellation.
Your magical effects are unravelling.
You feel magically purged.
Your horns disappear.
You feel a little less clever now.
You feel a little less agile now. The orc wizard closely misses you.
The orc hits you with a hand axe.
You die...

.# ................. #.# ##
≈..........5....≈ #.#
≈≈....)[⌠......≈≈ #.#
#≈≈......$....≈≈#### #.#
#######≈≈.........≈≈##..# #<#
###...####≈≈.......≈≈####.# #.#
.##......##≈≈.....≈≈##.##.####.##
#÷....###.##≈≈.o)≈≈##.....).....)
##........####'o@###...##.###....
≈###.###..# #.(.o.###.##.##.....
≈###.# #..## ##.#..###.##.###...#
≈#...###...# #.#.........# ##.##
≈####......# #........#### #.# ≈#
#.##...# ####.##### #.# ###
#)##.### #.# ##'## #.###.##.#
#.### ##...# #........# #...#
##.....


You could see an orc wizard, a crimson imp and 2 orcs.

Vanquished Creatures
  3 ogres
  A centaur (D:5)
  A scorpion (D:5)
  A howler monkey (D:2)
  A crimson imp (D:5)
  2 orc priests (D:5)
  2 hounds (D:4)
  A jelly (D:5)
  2 bullfrog skeletons
  2 orc wizards (D:4)
  A worker ant (D:4)
  A hound zombie (D:5)
  3 gnolls (D:5)
  10 adders
  A river rat (D:5)
  A worm (D:2)
  2 dart slugs
  4 leopard geckos
  13 orcs
  3 ball pythons
  4 giant cockroaches
  6 goblins
  3 hobgoblins
  6 kobolds
  3 quokkas
  2 bats (D:1)
  5 frilled lizards
  10 rats
  A fungus (D:1)
95 creatures vanquished.

Vanquished Creatures (collateral kills)
  2 ogres
  A hound (D:4)
  A hound skeleton (D:4)
  A gnoll (D:5)
5 creatures vanquished.

Grand Total: 100 creatures vanquished

Notes
Turn   | Place    | Note
-------+----------+-------------------------------------------
     0 | D:1      | inc the Felid Transmuter began the quest for the Orb.
     0 | D:1      | Reached XP level 1. HP: 9/9 MP: 4/4
   415 | D:1      | Reached XP level 2. HP: 8/12 MP: 6/6
   968 | D:2      | Noticed a howler monkey
   983 | D:2      | Killed a howler monkey
   983 | D:2      | Reached skill level 4 in Unarmed Combat
   983 | D:2      | Reached XP level 3. HP: 3/15 MP: 7/7
  1273 | D:2      | Found a glowing golden altar of the Shining One.
  1433 | D:2      | Reached XP level 4. HP: 15/19 MP: 8/8
  1448 | D:2      | Reached skill level 5 in Unarmed Combat
  1500 | D:2      | Found a hide-covered altar of Uskayaw.
  2106 | D:3      | Learned a level 2 spell: Sticks to Snakes
  2226 | D:3      | Noticed Anonimus's ghost (amateur GnFi)
  2250 | D:4      | Noticed equizz's ghost (amateur HuFi)
  2253 | D:4      | Noticed an ogre
  2437 | D:3      | Killed an ogre
  2437 | D:3      | Reached XP level 5. HP: 22/22 MP: 4/9
  2719 | D:4      | Reached skill level 6 in Unarmed Combat
  2862 | D:4      | Noticed an ogre
  2877 | D:4      | Killed an ogre
  3073 | D:4      | Found Jesm's General Store.
  3078 | D:4      | Bought a scroll of blinking for 105 gold pieces
  3144 | D:4      | Found a staircase to the Ecumenical Temple.
  3153 | Temple   | Entered the Ecumenical Temple
  3199 | Temple   | Became a worshipper of Ru the Awakened
  3241 | D:4      | Gained mutation: You are covered in thick fur. (AC +2) [Felid growth]
  3241 | D:4      | Reached XP level 6. HP: 14/25 MP: 7/10
  3476 | D:4      | Reached skill level 7 in Unarmed Combat
  3520 | D:5      | Entered Level 5 of the Dungeon
  4003 | D:5      | Found Uhedghounk's Jewellery Shoppe.
  4206 | D:5      | Reached XP level 7. HP: 19/28 MP: 4/11
  4236 | D:5      | Reached skill level 5 in Transmutations
  4558 | D:5      | Slain by an ogre
  4559 | D:5      | Reached XP level 6. HP: -3/25 MP: 6/10
  5542 | D:4      | Reached XP level 7. HP: 25/31 MP: 11/11
  5551 | D:4      | Gained mutation: You are hated by all. [Ru sacrifice]
  5551 | D:4      | Reached * piety under Ru
  6385 | D:5      | Killed from afar by an orc priest
  6386 | D:5      | Reached XP level 6. HP: -5/28 MP: 10/10
  6437 | D:5      | Slain by an orc

Skill      XL: |  1  2  3  4  5  6  7 |
---------------+----------------------+-----
Unarmed Combat | 4 5 6 7 |  7.0
Transmutations | 4 6 |  6.9
Fighting       | 3 |  3.2
Dodging        | |  2.6
Spellcasting   | |  2.0

Action                   |  1- 3 |  4- 6 |  7- 9 || total
-------------------------+-------+-------+-------++-------
Melee: Unarmed           |    62 |   223 |    67 ||   352
       Bite              |     6 |    17 |     9 ||    32
       Headbutt          |     1 |     8 |     8 ||    17
       Punch             |       |     4 |     1 ||     5
 Cast: Beastly Appendage |     1 |    12 |     7 ||    20
       Sticks to Snakes  |       |    19 |     3 ||    22
Invok: Sacrifice Love    |       |       |     1 ||     1
  Use: Potion            |     1 |     7 |     2 ||    10
       Scroll            |       |     5 |     2 ||     7
 Stab: Sleeping          |     5 |     7 |       ||    12
       Distracted        |       |       |     1 ||     1
  Eat: Chunk             |       |     6 |       ||     6
Armor: Skin              |     3 |    15 |     4 ||    22
Dodge: Dodged            |    39 |   179 |    44 ||   262
